 Dungeon Crawl Stone Soup version 0.28.0-43-g3370ac3207 (webtiles) character file.

Game seed: 10901178946929930820

3239 vvl the Stinger (level 9, 0/72 HPs)
             Began as a Purple Draconian Venom Mage on Mar 5, 2022.
             Was an Initiate of Kikubaaqudgha.
             Slain by a komodo dragon (29 damage)
             ... on level 8 of the Dungeon.
             The game lasted 00:19:08 (6045 turns).

vvl the Stinger (Purple Draconian Venom Mage)       Turns: 6045, Time: 00:19:14

Health: 0/72       AC:  9    Str: 11    XL:     9   Next: 67%
Magic:  10/16      EV: 13    Int: 22    God:    Kikubaaqudgha [......]
Gold:   144        SH:  0    Dex: 11    Spells: 13/18 levels left

rFire   . . .      SeeInvis .   i - +9 spear of Disgust {vorpal, Will++ rCorr Int+2}
rCold   + . .      Faith    .   (no shield)
rNeg    . . .      Spirit   .   (armour unavailable)
rPois   .          Reflect  .   (helmet restricted)
rElec   .          Harm     .   u - +0 cloak
rCorr   +          Rampage  .   o - +0 pair of gloves
Will    +++..                   (no boots)
Stlth   ++........              d - amulet of regeneration
HPRegen 1.02/turn               j - ring of protection from cold
MPRegen 0.15/turn               (no ring)

@: no status effects
A: breathe power, AC +7, unfitting armour, cold-blooded
a: Breathe Dispelling Energy, Renounce Religion


You were on level 8 of the Dungeon.
You worshipped Kikubaaqudgha.
Kikubaaqudgha was noncommittal.
You visited 2 branches of the dungeon, and saw 9 of its levels.

You collected 384 gold pieces.
You spent 240 gold pieces at shops.

Inventory:

Hand Weapons
 i - the +9 spear of Disgust (weapon) {vorpal, Will++ rCorr Int+2}
   (You found it on level 3 of the Dungeon)

   It inflicts extra damage upon your enemies.
   Int:       It affects your intelligence (+2).
   rCorr:     It protects you from acid and corrosion.
   Will:      It greatly increases your willpower.
 p - a +5 dagger
 r - a +2 vampiric short sword
 t - a +3 quarterstaff of chaos
Armour
 o - a +0 pair of gloves (worn)
 u - a +0 cloak (worn)
Jewellery
 d - an amulet of regeneration (around neck)
 j - a ring of protection from cold (left hand)
Wands
 a - a wand of iceblast (9)
 n - a wand of flame (15)
 v - a wand of charming (6)
Scrolls
 f - 5 scrolls of immolation
 g - a scroll of blinking
 h - 4 scrolls of teleportation
 s - a scroll of enchant weapon
 w - 2 scrolls of silence
 y - a scroll of vulnerability
Potions
 b - a potion of brilliance {unknown}
 c - a potion of heal wounds {unknown}
 e - a potion of mutation {unknown}
 k - a potion of degeneration {unknown}
 l - 3 potions of magic
 m - 2 potions of curing
 z - a potion of resistance {unknown}


   Skills:
 + Level 4.6 Fighting
 + Level 4.1 Polearms
 + Level 4.2 Dodging
 - Level 2.0 Stealth
 + Level 3.9 Shields
 + Level 5.3 Spellcasting
 - Level 3.0 Hexes
 + Level 2.7 Summonings
 + Level 4.2 Necromancy
 - Level 1.0 Transmutations
 + Level 4.3 Earth Magic
 + Level 5.3 Poison Magic
 + Level 3.5 Evocations


You had 13 spell levels left.
You knew the following spells:

 Your Spells              Type           Power      Damage    Failure   Level
a - Sting                 Tmut/Pois      76%        1d6       2%          1
b - Olgreb's Toxic Radia  Pois           29%        N/A       11%         4

Your spell library contained the following spells:

 Spells                   Type           Power      Damage    Failure   Level
 Summon Small Mammal      Summ           68%        N/A       3%          1
 Poisonous Vapours        Pois/Air       34%        N/A       4%          2
 Summon Guardian Golem    Hex/Summ       18%        N/A       9%          3
 Apportation              Tloc           10%        N/A       10%         1
 Call Canine Familiar     Summ           17%        N/A       10%         3
 Mephitic Cloud           Conj/Pois/Air  13%        N/A       14%         3
 Alistair's Intoxication  Tmut/Pois      12%        N/A       58%         5


Dungeon Overview and Level Annotations

Branches:
Dungeon (8/15)             Temple (1/1) D:7
   Lair: D:8-11

Altars:
Ashenzari
Cheibriados
Dithmenos
Elyvilon
Fedhas
Gozag
Kikubaaqudgha
Makhleb
Nemelex Xobeh
Okawaru
Qazlal
Ru
Sif Muna
Trog
Uskayaw
Vehumet
Wu Jian
Xom
Yredelemnul
Zin
The Shining One

Shops:
D:6 ?


Innate Abilities, Weirdness & Mutations

You can breathe bolts of dispelling energy.
Your rich purple scales are hard. (AC +7)
You cannot fit into any form of body armour.
You are cold-blooded and may be slowed by cold attacks.


Message History

Your transformation is almost over.
You feel less wooden.
Your +0 cloak unmelds from your body.
Your +0 pair of gloves unmelds from your body.
You start resting.
You hear the hiss of a very distant avalanche of sand.
You start waiting.
You hear the hiss of a very distant avalanche of sand.
You hear the brisk hiss of a very distant avalanche of sand.
A komodo dragon comes into view.
The sting hits the komodo dragon but does no damage.
The komodo dragon is poisoned.
The komodo dragon hisses angrily.
The sting hits the komodo dragon but does no damage.
The komodo dragon looks even sicker.
The sting misses the komodo dragon.
The komodo dragon bites you but does no damage.
The sting hits the komodo dragon.
The komodo dragon looks even sicker.
The komodo dragon is lightly wounded.
The komodo dragon bites you!!
The sting hits the komodo dragon.
The komodo dragon looks as sick as possible!
The komodo dragon is moderately wounded.
The komodo dragon bites you!
The sting hits the komodo dragon but does no damage.
The komodo dragon looks as sick as possible!
The komodo dragon is moderately wounded.
The komodo dragon bites you!!
You are too injured to fight recklessly!
Casting: Sting (safe; 2% risk of failure)
Confirm with . or Enter, or press ? or * to list all spells.
Aiming: Sting (safe; 2% risk of failure)
Press: ? - help, Shift-Dir - straight line, f/p - komodo dragon
Aim: a komodo dragon (heavily wounded, very poisoned, 81% to hit)
The sting hits the komodo dragon.
The komodo dragon looks as sick as possible!
The komodo dragon is heavily wounded.
The komodo dragon bites you!!
You die...
Kikubaaqudgha rasps: "You have failed me!
Welcome... death!"

### ####.# ######...#######
####
......###...##.######.#.###.
#.##.## ####..###.##.#......
###### ##....###........
##..@l.....# ###########
###############
...............#
................
..............#
...................#.# .#
.....................# ..#
...............<....# #..#


You could see a komodo dragon (extremely poisoned).

Vanquished Creatures
  A cyclops (D:7)
  A gargoyle (D:8)
  Grinder (D:6)
  A steam dragon (D:7)
  Menkaure (D:5)
  2 water moccasins
  Duvessa (D:5)
  An ogre (D:3)
  2 centaurs
  3 phantoms
  3 bullfrogs
  A scorpion (D:4)
  Dowan (D:5)
  5 wights (D:7)
  2 centaur zombies
  A jelly (D:5)
  5 hounds
  3 orc priests
  Crazy Yiuf (D:5)
  2 bullfrog skeletons (D:5)
  2 centaur skeletons
  3 iguanas
  3 orc wizards (D:5)
  9 gnolls
  2 adders
  2 worms (D:4)
  3 dart slugs
  19 orcs
  5 ball pythons
  5 bats (D:1)
  2 endoplasms (D:4)
  3 giant cockroaches (D:4)
  5 goblins
  A hobgoblin (D:4)
  7 jackals
  2 quokkas
  7 kobolds
  6 rats
124 creatures vanquished.

Vanquished Creatures (others)
  A quokka (D:4)
1 creature vanquished.

Grand Total: 125 creatures vanquished

Notes
Turn   | Place    | Note
-------+----------+-------------------------------------------
     0 | D:1      | vvl the Draconian Venom Mage began the quest for the Orb.
     0 | D:1      | Reached XP level 1. HP: 14/14 MP: 3/3
   229 | D:1      | Reached XP level 2. HP: 20/20 MP: 1/5
   565 | D:1      | Reached skill level 1 in Earth Magic
   875 | D:2      | You fall into a shaft and drop 1 floor!
   931 | D:3      | Reached skill level 1 in Fighting
   932 | D:3      | Reached XP level 3. HP: 28/28 MP: 0/6
  1057 | D:3      | Reached skill level 1 in Necromancy
  1086 | D:3      | Identified the +9 spear of Disgust {vorpal, Will++ rCorr
                  | Int+2}
  1216 | D:3      | Reached XP level 4. HP: 25/35 MP: 5/7
  1368 | D:3      | Noticed an ogre
  1373 | D:3      | Killed an ogre
  1374 | D:3      | Reached skill level 1 in Polearms
  1374 | D:3      | Reached XP level 5. HP: 41/41 MP: 4/8
  1774 | D:4      | Reached skill level 1 in Shields
  2091 | D:4      | Reached XP level 6. HP: 48/48 MP: 8/10
  2111 | D:4      | Found a glowing golden altar of the Shining One.
  2356 | D:4      | Found a white marble altar of Elyvilon.
  2832 | D:4      | Found Jaguf's Neck Hole.
  2861 | D:5      | Entered Level 5 of the Dungeon
  2861 | D:5      | Noticed Menkaure
  2949 | D:5      | Noticed Dowan
  2950 | D:5      | Noticed Duvessa
  2952 | D:5      | Noticed a water moccasin
  2968 | D:4      | Killed a water moccasin
  2969 | D:4      | Your scales start taking on a rich purple colour.
  2969 | D:4      | Reached XP level 7. HP: 29/56 MP: 3/12
  3262 | D:5      | Killed Menkaure
  3263 | D:5      | Reached skill level 1 in Evocations
  3489 | D:5      | Found a runed translucent door.
  3490 | D:5      | Noticed Crazy Yiuf
  3610 | D:5      | Killed Duvessa
  3611 | D:5      | Reached XP level 8. HP: 42/63 MP: 7/14
  3629 | D:5      | Killed Dowan
  3822 | D:5      | Reached skill level 1 in Hexes
  3975 | D:5      | Killed Crazy Yiuf
  3976 | D:5      | Reached skill level 1 in Summonings
  4051 | D:6      | Noticed Grinder
  4071 | D:6      | Killed Grinder
  4617 | D:6      | Found Xiakodan's Magic Scroll Shoppe.
  4630 | D:6      | Bought a scroll of teleportation for 45 gold pieces
  4630 | D:6      | Bought a scroll of identify for 30 gold pieces
  4630 | D:6      | Bought a scroll of identify for 30 gold pieces
  4630 | D:6      | Bought 2 scrolls of immolation for 105 gold pieces
  4630 | D:6      | Bought a scroll of identify for 30 gold pieces
  4761 | D:6      | Found a hide-covered altar of Uskayaw.
  4766 | D:6      | Found an opulent altar of Gozag.
  5074 | D:7      | Learned a level 4 spell: Olgreb's Toxic Radiance
  5081 | D:7      | Found a staircase to the Ecumenical Temple.
  5092 | Temple   | Entered the Ecumenical Temple
  5193 | Temple   | Became a worshipper of Kikubaaqudgha
  5221 | D:7      | Noticed a cyclops
  5249 | D:7      | Reached XP level 9. HP: 43/70 MP: 16/16
  5285 | D:7      | Reached skill level 5 in Poison Magic
  5379 | D:7      | Killed a cyclops
  5380 | D:7      | Reached skill level 5 in Spellcasting
  5807 | D:8      | Noticed a gargoyle
  5836 | D:8      | Killed a gargoyle
  6031 | D:8      | Noticed a komodo dragon
  6045 | D:8      | Slain by a komodo dragon

Illustrated notes

Levels and vault maps discovered:
D:1:      saegor_arrival_simple_e, layout_rooms
D:2:      layout_loops_corners, basic_altar, serial_shops,
          nicolae_shop_waterfront, uniq_sigmund
D:3:      layout_loops_ring, hangedman_decor_growths
D:4:      layout_gridville, marbit_many_paths, elyvilon_altar_4,
          kennysheep_minor_cross, nicolae_shop_sticking_my_neck_out
D:5:      layout_cave_pools, uniq_crazy_yiuf_cottage, uniq_duvessa,
          uniq_menkaure
D:6:      layout_basic, minitemple, serial_shops, nicolae_shop_waterfront,
          uniq_grinder
D:7:      layout_rooms, minmay_temple_entry_stoned_glass
D:8:      layout_layer_cave, erik_lair_dragon, serial_undead, serial_undead_f,
          serial_undead_a, serial_undead_c, serial_undead_f,
          nicolae_ossuary_entry_false_entrances
Temple:   regret_index_temple_mists

Skill      XL: |  1  2  3  4  5  6  7  8  9 |
---------------+----------------------------+-----
Stealth        | 2 |  2.0
Earth Magic    | 1 2 3 4 |  4.3
Dodging        | 2 3 4 |  4.2
Fighting       | 1 2 3 4 |  4.6
Necromancy     | 1 2 3 4 |  4.2
Polearms       | 1 2 3 4 |  4.1
Shields        | 1 2 3 |  3.9
Spellcasting   | 3 4 5 |  5.3
Poison Magic   | 4 5 |  5.3
Evocations     | 1 2 3 |  3.5
Hexes          | 2 3 |  3.0
Summonings     | 1 2 |  2.7
Transmutations | |  1.0

Action                   |  1- 3 |  4- 6 |  7- 9 || total
-------------------------+-------+-------+-------++-------
Melee: Unarmed           |    32 |       |       ||    32
       Short sword       |    28 |       |       ||    28
       Tailslap          |     7 |     2 |    18 ||    27
       Spear             |     5 |    44 |   159 ||   208
       Punch             |       |     1 |     1 ||     2
 Cast: Sting             |    42 |    64 |   107 ||   213
 Abil: Breathe Dispellin |       |       |     5 ||     5
  Use: Scroll            |       |       |     8 ||     8
       Potion            |       |       |     3 ||     3
 Stab: Distracted        |       |     1 |       ||     1
Armor: Skin              |    35 |    17 |    94 ||   146
Dodge: Dodged            |    66 |    44 |   134 ||   244
